Map: Dusk Towers

Players

ReDPanDa

  • Race: Zerg Zerg
  • League: Master

A.I. 1 (Elite) - Winner!

  • Race: Protoss Protoss

VOD

Have the link to the VOD?

Description

Time

  • Played on: Nov. 22, 2015, 3:44 a.m.
  • Length: 7:34
Show
View Real Time Build Order
Export as new Build Order

ReDPanDa Zerg 

Build Orders: Hatch First 

Get SALT Encoding   

  12  0:01  Drone  
  13  0:12  Overlord  
  13  0:17  Drone  
  14  0:30  Drone x2  
  14  0:35  Drone  
  17  0:51  Hatchery  
  17  0:54  Drone  
  17  0:59  Drone  
  18  1:12  Spawning Pool  
  18  1:14  Drone  
  18  1:17  Drone  
  19  1:20  Extractor  
  18  1:28  Drone  
  19  1:39  Drone  
  20  1:49  Overlord  
  20  1:59  Queen  
  22  2:05  Queen  
  22  2:06  Drone, Zergling x2  
  26  2:12  Drone  
  26  2:15  Drone  
  28  2:21  Metabolic Boost  
  28  2:23  Drone  
  29  2:30  Hatchery  
  29  2:33  Drone  
  29  2:36  Drone  
  30  2:39  Drone  
  31  2:45  Drone  
  31  2:46  Overlord  
  32  2:53  Drone  
  32  2:57  Drone  
  34  2:59  Lair  
  34  3:04  Drone  
  34  3:07  Drone x2  
  34  3:09  Drone  
  34  3:11  Evolution Chamber  
  36  3:14  Extractor  
  36  3:15  Drone  
  36  3:16  Extractor  
  36  3:17  Drone  
  36  3:20  Drone  
  36  3:23  Drone  
  36  3:24  Drone  
  39  3:29  Overlord  
  39  3:32  Drone  
  40  3:37  Drone  
  40  3:39  Zerg Missile Weapons Level 1  
  40  3:40  Drone  
  40  3:41  Drone  
  43  3:46  Queen  
  45  3:50  Drone  
  45  3:52  Drone  
  45  3:54  Drone  
  48  3:55  Drone  
  48  3:59  Hydralisk Den  
  48  4:02  Overlord  
  48  4:04  Drone  
  48  4:06  Drone  
  48  4:08  Drone  
  51  4:10  Extractor  
  51  4:12  Drone x2  
  51  4:14  Drone  
  51  4:16  Drone  
  51  4:17  Drone  
  55  4:22  Drone x3  
  58  4:26  Drone x2  
  58  4:29  Drone x2  
  58  4:31  Overlord  
  62  4:35  Muscular Augments  
  62  4:37  Drone  
  63  4:39  Drone  
  63  4:40  Drone  
  63  4:43  Overlord, Extractor  
  64  4:46  Overlord  
  64  4:48  Overlord  
  64  4:51  Drone  
  64  4:52  Drone  
  66  4:53  Drone  
  66  4:58  Hydralisk x2  
  71  5:01  Hydralisk  
  71  5:04  Hydralisk x2  
  77  5:09  Drone x2  
  77  5:10  Hydralisk  
  77  5:11  Hydralisk  
  83  5:15  Overlord  
  83  5:16  Hydralisk  
  83  5:18  Hydralisk  
  87  5:23  Hydralisk x2  
  87  5:28  Overlord, Hydralisk  
  91  5:31  Hydralisk  
  91  5:32  Hydralisk  
  97  5:37  Hydralisk  
  97  5:40  Hydralisk  
  97  5:42  Zergling x2  
  102  5:43  Zergling x4  
  102  5:45  Zergling x2  
  102  5:46  Zergling x2  
  102  5:47  Zergling x2  
  107  5:53  Drone  
  107  5:54  Hydralisk x2  
  112  6:00  Hatchery  
  112  6:04  Hydralisk  
  111  6:06  Overlord x2  
  106  6:26  Hydralisk x5  
  106  6:27  Hydralisk  
  106  6:28  Hydralisk x4  
  106  6:29  Zergling x2  
  106  6:30  Zergling x2  
  106  6:32  Overlord  
  119  6:40  Hydralisk x3  
  119  6:43  Zergling x6  
  128  6:49  Hydralisk  
  128  6:54  Overlord  
  130  6:55  Overlord  
  130  6:56  Zergling x4  
  130  7:01  Hydralisk  
  132  7:05  Hydralisk x2  
  138  7:10  Overlord x2  
  138  7:15  Zergling x4  
  150  7:16  Zergling x2  
Show
View Real Time Build Order
Export as new Build Order

A.I. 1 (Elite) Protoss - Winner!

Build Orders: Colossus Rush 

Get SALT Encoding   

  12  0:01  Probe (Chrono Boost)  
  13  0:11  Probe (Chrono Boost)  
  14  0:19  Pylon  
  14  0:22  Probe (Chrono Boost)  
  15  0:38  Probe (Chrono Boost)  
  16  0:47  Assimilator  
  16  0:48  Probe (Chrono Boost)  
  16  0:49  Gateway  
  17  0:59  Probe (Chrono Boost), Pylon  
  18  1:09  Probe (Chrono Boost)  
  19  1:20  Probe (Chrono Boost)  
  20  1:31  Probe (Chrono Boost)  
  21  1:34  Zealot  
  21  1:36  Gateway  
  21  1:38  Cybernetics Core  
  23  1:42  Probe (Chrono Boost)  
  24  1:48  Pylon  
  24  1:54  Probe (Chrono Boost)  
  25  1:59  Zealot  
  27  2:05  Probe (Chrono Boost)  
  28  2:11  Warp Gate  
  28  2:12  Assimilator  
  29  2:17  Probe (Chrono Boost)  
  29  2:25  Adept x2  
  29  2:28  Probe (Chrono Boost)  
  34  2:36  Pylon  
  34  2:40  Probe (Chrono Boost)  
  36  2:51  Adept  
  36  2:52  Probe (Chrono Boost)  
  36  2:54  Sentry  
  40  3:03  Probe (Chrono Boost)  
  41  3:15  Probe (Chrono Boost)  
  41  3:16  Nexus  
  42  3:23  Stalker  
  44  3:28  Probe (Chrono Boost)  
  45  3:39  Probe (Chrono Boost)  
  46  3:42  Robotics Facility  
  46  3:51  Probe (Chrono Boost)  
  46  3:52  Pylon  
  47  4:05  Probe (Chrono Boost)  
  47  4:12  Adept  
  47  4:16  Probe (Chrono Boost)  
  50  4:24  Adept  
  50  4:27  Probe (Chrono Boost)  
  50  4:29  Probe (Chrono Boost)  
  54  4:35  Adept  
  57  4:38  Probe (Chrono Boost)  
  57  4:40  Probe (Chrono Boost)  
  58  4:46  Robotics Bay  
  58  4:48  Observer  
  58  4:50  Probe (Chrono Boost)  
  58  4:51  Probe (Chrono Boost)  
  61  4:59  Robotics Facility  
  61  5:01  Probe (Chrono Boost)  
  61  5:03  Probe (Chrono Boost)  
  61  5:04  Pylon  
  63  5:07  Stalker  
  63  5:11  Stalker  
  63  5:12  Probe (Chrono Boost)  
  68  5:18  Probe (Chrono Boost)  
  68  5:19  Pylon  
  69  5:23  Probe (Chrono Boost)  
  70  5:29  Colossus  
  76  5:44  Stalker, Pylon  
  76  5:45  Stalker x2, Probe (Chrono Boost)  
  76  5:46  Assimilator  
  76  5:47  Probe (Chrono Boost)  
  76  5:49  Gateway  
  80  5:51  Stalker, Assimilator  
  82  6:05  Stalker  
  82  6:08  Pylon  
  82  6:10  Probe x2 (Chrono Boost)  
  85  6:12  Zealot  
  83  6:21  Probe (Chrono Boost)  
  83  6:22  Probe (Chrono Boost)  
  81  6:26  Zealot  
  81  6:31  Stalker  
  81  6:32  Probe (Chrono Boost), Nexus  
  60  6:44  Probe (Chrono Boost), Zealot  
  60  6:45  Zealot  
  59  6:52  Sentry  
  60  7:00  Probe (Chrono Boost)  
  56  7:02  Zealot  
  56  7:03  Probe (Chrono Boost), Zealot  
  52  7:12  Probe (Chrono Boost)  
  51  7:16  Pylon  
  51  7:22  Zealot  
  49  7:32  Pylon  
Tags
 
Add a new tag
Caveats
  • Supply blocks, unpowered buildings, or Contaminate may cause inaccurate times.
  • Supply counts are checked every 10 seconds.